 Dungeon Crawl Stone Soup version 0.29.1-15-g9cfb28693d (webtiles) character file.

Game seed: 11978639684151665859

906 growler the Martial Artist (level 8, -2/54 HPs)
             Began as a Merfolk Transmuter on Mar 15, 2023.
             Slain by Pikel
             ... wielding a +2 whip of flaming
              (13 damage)
             ... on level 4 of the Dungeon.
             The game lasted 00:09:01 (5268 turns).

growler the Martial Artist (Merfolk Transmuter)     Turns: 5268, Time: 00:09:01

Health: -2/54      AC:  2    Str: 17    XL:     8   Next: 8%
Magic:  10/12      EV: 20    Int: 14    God:
Gold:   114        SH:  5    Dex: 19    Spells: 3/13 levels left

rFire   . . .      SeeInvis .     - Unarmed
rCold   . . .      Faith    .   (shield currently unavailable)
rNeg    . . .      Spirit   .   (body armour currently unavailable)
rPois   x          Reflect  +   (helmet currently unavailable)
rElec   .          Harm     .   (cloak currently unavailable)
rCorr   .          Rampage  .   (gloves currently unavailable)
Will    .....                   (boots currently unavailable)
Stlth   ++........              r - amulet of reflection
HPRegen 0.18/turn               c - +6 ring of strength
MPRegen 0.13/turn               (no ring)

@: spider-form (expiring)
A: venomous fangs, tiny, (nimble swimmer 2), (mertail)
a: End Transformation


You were on level 4 of the Dungeon.
You were a venomous arachnid creature.
You visited 1 branch of the dungeon, and saw 4 of its levels.
You also visited: Sewer.

You collected 168 gold pieces.
You spent 54 gold pieces at shops.

Inventory:

Missiles
 g - a throwing net
Armour
 a - a +0 robe (melded)
 q - a +0 helmet (melded)
 t - a +0 cloak (melded)
Jewellery
 c - a +6 ring of strength (left front leg)
 r - an amulet of reflection (around neck)
 s - a +6 ring of strength
Wands
 e - a wand of mindburst (15)
Scrolls
 d - a scroll of brand weapon {unknown}
 f - 3 scrolls of poison {unknown}
 j - 2 scrolls of blinking
 l - a scroll of fear {unknown}
 n - a scroll of fog {unknown}
 p - 3 scrolls of enchant armour {unknown}
 u - 2 scrolls of summoning {unknown}
 w - 4 scrolls of teleportation {unknown}
 y - 2 scrolls of identify
Potions
 b - a potion of lignification
 h - 2 potions of haste {unknown}
 i - 2 potions of resistance {unknown}
 k - 2 potions of ambrosia {unknown}
 m - a potion of invisibility
 o - 2 potions of curing
 v - a potion of mutation
 x - a potion of might {unknown}
 z - a potion of flight {unknown}
 A - a potion of brilliance {unknown}


   Skills:
 - Level 1.4 Fighting
 - Level 2.9 Dodging
 + Level 9.5 Unarmed Combat
 - Level 3.0 Spellcasting
 - Level 4.0 Transmutations


You had 3 spell levels left.
You knew the following spells:

 Your Spells              Type           Power      Damage    Failure   Level
a - Beastly Appendage     Tmut           26%        N/A       13%         1
b - Wereblood             Tmut           13%        N/A       17%         2
c - Spider Form           Tmut/Pois      7%         N/A       50%         3
d - Ice Form              Ice/Tmut       7%         N/A       85%         4

Your spell library contained the following spells:

 Spells                   Type           Power      Damage    Failure   Level
 Gell's Gravitas          Tloc           2%         N/A       75%         3
 Lesser Beckoning         Tloc           2%         N/A       75%         3
 Teleport Other           Tloc           2%         N/A       75%         3


Dungeon Overview and Level Annotations

Branches:
Dungeon (4/15)              Sewer (visited)
 Temple: D:4-7

Altars:

Shops:
D:3 [

Annotations:
D:4 Pikel


Innate Abilities, Weirdness & Mutations

You are a venomous arachnid creature.
You have poisonous fangs.
You are tiny and dextrous.
Your spellcasting is less reliable in this form.
Your armour is entirely melded.
You are incapable of wielding weapons or throwing items.
((You are very nimble when in or above water. (Stealth+, EV+, Speed+++)))
((Your lower body shifts to a powerful aquatic tail in water.))


Message History

Pikel hits you with a +2 whip of flaming!
Pikel burns you. The lemure closely misses you. The lemure hits you!
You hit Pikel.
Pikel is lightly wounded.
You block the lemure's attack.
Pikel hits you with a +2 whip of flaming!
Pikel burns you. The lemure completely misses you.
You hit Pikel but do no damage.
Pikel is poisoned.
Pikel is lightly wounded.
You barely miss Pikel.
Pikel is lightly wounded.
You block the lemure's attack.
Pikel says, "You'll make a fine lemure."
Pikel barely misses you. The lemure misses you.
You bite Pikel!
Pikel is moderately wounded.
The lemure hits you.
Pikel hits you with a +2 whip of flaming.
* * * LOW HITPOINT WARNING * * *
Pikel burns you.
* * * LOW HITPOINT WARNING * * *
The lemure misses you. The lemure barely misses you.
Pikel attacks as you move away! Pikel misses you.
You block the lemure's attack.
Your transformation is almost over.
Pikel completely misses you.
You open the door.
Pikel hits you with a +2 whip of flaming.
* * * LOW HITPOINT WARNING * * *
Pikel burns you.
* * * LOW HITPOINT WARNING * * *
The lemure barely misses you. x2
Unknown command.
Found 4 gold pieces.
Found a stone staircase leading down.
Pikel says, "You'll burn in Gehenna!"
There is an open door here.
You hit Pikel.
Pikel looks as sick as possible!
Pikel is heavily wounded.
Pikel hits you with a +2 whip of flaming!
You die...

#>......5.........##..
#.................# .
#.....##.....##...#
##.....##.....##...##..
#......................
#.....5................
##...55##.....##.......
#####K##.....##...##..
#....s##.....##...# ..
....................##
#
................†....#
.$......##.....##....#
>##.....####+####†...#
####### ...........#
...........#
...........#
.....##....#


You could see Pikel (extremely poisoned) and 3 lemures.

Vanquished Creatures
  Sigmund (D:3)
  An ogre (D:3)
  A kobold brigand (D:4)
  2 bullfrogs (Sewer)
  2 scorpions (D:4)
  A hound (D:4)
  Jessica (D:2)
  A gnoll bouda (D:4)
  An iguana (D:4)
  3 gnolls (D:3)
  10 adders
  2 worms
  2 dart slugs (D:3)
  6 orcs
  19 ball pythons
  12 endoplasms
  12 giant cockroaches
  4 goblins
  6 hobgoblins
  4 kobolds
  8 quokkas
  7 bats
  4 frilled lizards
  5 rats
115 creatures vanquished.

Notes
Turn   | Place    | Note
-------+----------+-------------------------------------------
     0 | D:1      | growler the Merfolk Transmuter began the quest for the Orb.
     0 | D:1      | Reached XP level 1. HP: 15/15 MP: 3/3
   124 | D:1      | Reached XP level 2. HP: 9/21 MP: 5/5
  1361 | D:2      | Reached XP level 3. HP: 26/26 MP: 6/6
  1364 | D:2      | Learned a level 2 spell: Wereblood
  1368 | D:2      | Learned a level 3 spell: Spider Form
  1382 | D:2      | Noticed Jessica
  1388 | D:2      | Killed Jessica
  2032 | D:3      | Reached XP level 4. HP: 24/32 MP: 8/8
  2182 | D:3      | Noticed an ogre
  2195 | D:3      | Killed an ogre
  2196 | D:3      | Reached skill level 5 in Unarmed Combat
  2196 | D:3      | Reached XP level 5. HP: 37/37 MP: 6/9
  2208 | D:3      | Learned a level 4 spell: Ice Form
  2340 | D:3      | Found a glowing drain.
  2362 | Sewer    | Entered a sewer
  3040 | Sewer    | Reached skill level 6 in Unarmed Combat
  3040 | Sewer    | Reached XP level 6. HP: 31/43 MP: 7/10
  3336 | Sewer    | Identified the +0 ring mail "Qunelip" {Dex+5}
  3405 | D:3      | Noticed Sigmund
  3428 | D:3      | Killed Sigmund
  3429 | D:3      | Reached skill level 7 in Unarmed Combat
  3429 | D:3      | Reached XP level 7. HP: 32/48 MP: 7/11
  3697 | D:3      | Found Mahoby's Armour Shop.
  3705 | D:3      | Bought a +0 cloak for 54 gold pieces
  3800 | D:3      | Reached skill level 8 in Unarmed Combat
  3976 | D:3      | Found a faded altar of an unknown god.
  4966 | D:4      | Reached skill level 9 in Unarmed Combat
  5104 | D:4      | Reached XP level 8. HP: 54/54 MP: 8/12
  5236 | D:4      | Noticed Pikel
  5268 | D:4      | Slain by Pikel

Illustrated notes

Levels and vault maps discovered:
D:1:      dpeg_arrival_boxes_within_box, layout_basic,
          nicolae_figureground_pulse
D:2:      layout_loops_cross, feat_on_display, uniq_jessica
D:3:      layout_loops_ring, cheibrodos_sewer_entry_bend,
          shapermc_ecumenical_altar_venn, serial_shops, nicolae_square_shop,
          kennysheep_generic_room_3, uniq_sigmund
D:4:      layout_gridville, minmay_joined_circles, uniq_pikel

Skill      XL: |  1  2  3  4  5  6  7 |
---------------+----------------------+-----
Transmutations | 3 4 |  4.0
Unarmed Combat | 5 6 7 9 |  9.5
Spellcasting   | 3 |  3.0
Fighting       | |  1.4
Dodging        | |  2.9

Action                   |  1- 3 |  4- 6 |  7- 9 || total
-------------------------+-------+-------+-------++-------
Melee: Unarmed           |    83 |   138 |   137 ||   358
       Punch             |     2 |     3 |     3 ||     8
       Headbutt          |     3 |     3 |     2 ||     8
       Tailslap          |       |     9 |       ||     9
 Cast: Beastly Appendage |     3 |     4 |     2 ||     9
       Spider Form       |       |     2 |     4 ||     6
       Wereblood         |       |     1 |     1 ||     2
  Use: Scroll            |       |       |     2 ||     2
 Stab: Sleeping          |     1 |     2 |     2 ||     5
       Distracted        |       |     1 |       ||     1
Armor: Robe              |    18 |    18 |    13 ||    49
Dodge: Dodged            |    58 |   101 |    81 ||   240
Block: Other             |       |       |    31 ||    31
